 Dungeon Crawl Stone Soup version 0.19-a0-75-g99403da (webtiles) character file.

5943 mrath the Thaumaturge (level 10, -5/81 HPs)
             Began as a Purple Draconian Earth Elementalist on May 9, 2016.
             Was a Follower of Sif Muna.
             Slain by an orc warrior
             ... wielding a +0 morningstar
              (20 damage)
             ... on level 10 of the Dungeon on May 11, 2016.
             The game lasted 01:19:55 (11443 turns).

mrath the Thaumaturge (DrEE)                       Turns: 11443, Time: 01:19:56

Health: -5/81      AC:  9    Str: 10    XL:     10   Next: 54%
Magic:  13/24      EV: 14    Int: 19    God:    Sif Muna [*.....]
Gold:   659        SH:  0    Dex: 12    Spells: 3 memorised, 21 levels left

rFire  . . .     SeeInvis .     T - +2 spear (flame)
rCold  . . .     Gourm    .     (armour unavailable)
rNeg   . . .     Faith    .     (no shield)
rPois  +         Spirit   .     (helmet restricted)
rElec  .         Dismiss  .     u - +0 cloak
rCorr  .         Reflect  .     (no gloves)
SustAt .         Harm     .     E - +0 pair of boots
MR     +....                    y - amulet of regeneration
Stlth  +++.......               w - ring of poison resistance
                                X - ring of stealth

@: somewhat resistant to hostile enchantments, fairly stealthy
A: breathe power, unfitting armour, cold-blooded, AC +7
a: Breathe Dispelling Energy, Channel Energy, Renounce Religion


You were on level 10 of the Dungeon.
You worshipped Sif Muna.
Sif Muna was aware of your devotion.
You were not hungry.

You visited 2 branches of the dungeon, and saw 11 of its levels.
You also visited: Ossuary.

You collected 698 gold pieces.
You spent 39 gold pieces at shops.

Inventory:

Hand Weapons
 m - a +4 scimitar of flaming
 s - a +2 whip of flaming
 C - a +2 war axe of chopping
 N - a +3 mace
 R - a +0 shortbow
 T - a +2 spear of flaming (weapon)
Missiles
 a - 63 stones
 i - 2 tomahawks (quivered)
 S - 118 arrows
Armour
 r - a +0 buckler
 u - a +0 cloak (worn)
 E - a +0 pair of boots (worn)
Magical Staves
 V - an uncursed staff of power
Jewellery
 t - an uncursed ring of sustain attributes
 w - a ring of poison resistance (right hand)
 y - an amulet of regeneration (around neck)
 U - an uncursed ring of ice
 X - a ring of stealth (left hand)
 Y - an uncursed ring of flight
Wands
 Q - a wand of enslavement (11/24)
 Z - a wand of heal wounds (5/9)
Scrolls
 d - 2 scrolls of enchant armour {unknown}
 f - 4 scrolls of teleportation
 h - a scroll of brand weapon {unknown}
 k - 2 scrolls of amnesia {unknown}
 l - 3 scrolls of fear {unknown}
 n - 3 scrolls of remove curse
 p - 5 scrolls of identify
 q - 3 scrolls of noise {unknown}
 A - 3 scrolls of enchant weapon {unknown}
 G - 3 scrolls of recharging {unknown}
 J - a scroll of blinking {unknown}
 L - a scroll of holy word {unknown}
 O - 2 scrolls of random uselessness {unknown}
Potions
 e - 3 potions of curing
 g - 2 potions of degeneration {unknown}
 j - 2 potions of cancellation {unknown}
 o - 3 potions of magic {unknown}
 v - 4 potions of flight
 x - a potion of cure mutation {unknown}
 z - 2 potions of might {unknown}
 D - 2 potions of berserk rage {unknown}
 F - 2 potions of mutation {unknown}
 H - 4 potions of haste
 I - 2 potions of lignification {unknown}
 K - 3 potions of heal wounds {unknown}
Miscellaneous
 B - a plain deck of wonders
Comestibles
 c - 5 bread rations


   Skills:
 + Level 5.5 Fighting
 + Level 5.0 Dodging
 + Level 4.8 Stealth
 * Level 10.8 Spellcasting
 + Level 5.0 Conjurations
   Level 1.0 Transmutations
 + Level 7.0 Earth Magic
 + Level 4.2 Evocations


You had 21 spell levels left.
You knew the following spells:

 Your Spells              Type           Power        Failure   Level  Hunger
a - Sandblast             Erth           #####.       1%          1    None
b - Stone Arrow           Conj/Erth      ####..       1%          3    None
c - Lee's Rapid Deconstr  Erth           #####.....   12%         5    ####...


Dungeon Overview and Level Annotations

Branches:
Dungeon (10/15)            Temple (1/1) D:7
   Lair: D:8-11         Orc: D:9-12

Altars:
Ashenzari
Cheibriados
Dithmenos
Elyvilon
Fedhas
Gozag
Kikubaaqudgha
Makhleb
Nemelex Xobeh
Okawaru
Pakellas
Qazlal
Ru
Sif Muna
Trog
Vehumet
Xom
Yredelemnul
Zin
The Shining One

Shops:
D:5 :   D:6 [?:   D:8 =*?=   D:10 *}*[

Annotations:
D:6 exclusion: statue


Innate Abilities, Weirdness & Mutations

You can breathe bolts of dispelling energy.
Your rich purple scales are hard (AC +7).
Your body does not fit into most forms of armour.
You are cold-blooded and may be slowed by cold attacks.


Message History

You hit the orc warrior but do no damage.
The orc warrior is almost dead.
The orc warrior hits you but does no damage.
You completely miss the orc warrior.
The orc priest shouts!
You tail-slap the orc warrior, but do no damage.
The orc warrior is almost dead.
The orc warrior barely misses you.
You hit the orc warrior. You burn the orc warrior.
The orc warrior is almost dead.
The orc warrior completely misses you. The orc closely misses you.
You hit the orc warrior but do no damage.
The orc warrior is almost dead.
The orc priest calls down the wrath of Beogh upon you.
Beogh smites you!
* * * LOW HITPOINT WARNING * * *
The orc hits you with a short sword.
* * * LOW HITPOINT WARNING * * *
The orc warrior hits you with a morningstar!!
You die...

# ...# ##########..#######
########...#############.........
.................................
......⌠.⌠.# ####.............
######.∩..# #.#####..#...#
######⌠.⌠## #.######8#...#
..∩.....############............#
.................o.o.....8.∩.8...
.....##########.@o#########..####
####.##########...# ##8.####
####..............########.......
.................................
#............................####
#............................#
#............................#
#........<...................####
........)).......................


You could see an orc warrior, an orc priest and an orc.

Vanquished Creatures
  Erica (D:8)
  Pikel (D:8)
  A troll (D:9)
  A wyvern (D:9)
  A hippogriff (D:9)
  A hungry ghost (D:8)
  A water moccasin (D:8)
  2 orc warriors
  2 sky beasts
  2 black bears
  A phantom (D:8)
  4 ice beasts
  A necrophage (D:10)
  5 ogres
  4 centaurs
  A crocodile (D:9)
  2 big kobolds
  2 giant frogs
  A gnoll sergeant (D:6)
  3 water moccasin zombies (Ossuary)
  2 scorpions
  4 killer bees
  2 howler monkeys (D:6)
  A quasit (D:5)
  5 giant frog zombies
  2 crimson imps (D:5)
  2 jellies
  An orc priest (D:6)
  2 hounds
  4 orc wizards
  3 giant frog skeletons
  4 iguanas
  8 worker ants
  3 big kobold zombies (Ossuary)
  2 mummies (Ossuary)
  A worker ant zombie (D:6)
  10 gnolls
  10 adders
  4 shadow imps
  7 adder zombies
  2 worms (D:5)
  An adder skeleton (D:5)
  2 dart slugs
  3 giant geckos
  15 orcs
  4 bats
  A bat zombie (D:8)
  2 giant cockroaches
  3 goblins
  9 hobgoblins
  21 jackals
  3 quokkas
  2 ball pythons (D:1)
  3 giant gecko skeletons
  9 giant newts
  5 hobgoblin zombies (Ossuary)
  18 kobolds
  3 kobold zombies (Ossuary)
  4 orc zombies (Ossuary)
  6 rats
  2 rat zombies (D:8)
  A spectral orc (D:8)
233 creatures vanquished.

Vanquished Creatures (others)
  A slave (D:8)
1 creature vanquished.

Grand Total: 234 creatures vanquished

Notes
Turn   | Place    | Note
--------------------------------------------------------------
     0 | D:1      | mrath the Draconian Earth Elementalist began the quest for the Orb.
     0 | D:1      | Reached XP level 1. HP: 14/14 MP: 3/3
   377 | D:1      | Reached XP level 2. HP: 12/20 MP: 0/5
  1304 | D:1      | Reached skill level 3 in Spellcasting
  1331 | D:1      | Reached XP level 3. HP: 26/26 MP: 5/7
  1361 | D:1      | Upgraded the game from 0.19-a0-61-g4dc4c6e to 0.19-a0-75-g99403da
  1608 | D:1      | Learned a level 3 spell: Stone Arrow
  1884 | D:2      | Found a glowing golden altar of the Shining One.
  2095 | D:2      | Found a blossoming altar of Fedhas.
  2507 | D:2      | Found a snail-covered altar of Cheibriados.
  2958 | D:3      | Found a white marble altar of Elyvilon.
  3121 | D:3      | Reached XP level 4. HP: 33/33 MP: 6/9
  3983 | D:4      | Reached skill level 4 in Spellcasting
  4298 | D:4      | Found a sand-covered staircase.
  4312 | Ossuary  | Entered an ossuary
  4360 | Ossuary  | Reached XP level 5. HP: 32/38 MP: 7/11
  4456 | Ossuary  | Reached skill level 5 in Spellcasting
  4631 | Ossuary  | Reached XP level 6. HP: 45/45 MP: 11/13
  5325 | D:4      | Reached skill level 6 in Spellcasting
  5490 | D:5      | Entered Level 5 of the Dungeon
  5518 | D:5      | Your scales start taking on a rich purple colour.
  5518 | D:5      | Reached skill level 7 in Spellcasting
  5518 | D:5      | Reached XP level 7. HP: 38/50 MP: 17/17
  5635 | D:5      | Found Qeupt's Book Shoppe.
  5653 | D:5      | Reached skill level 5 in Earth Magic
  5662 | D:5      | Reached skill level 1 in Conjurations
  5737 | D:4      | Reached skill level 1 in Fighting
  6244 | D:5      | Reached skill level 8 in Spellcasting
  6271 | D:5      | Reached XP level 8. HP: 47/62 MP: 20/20
  6464 | D:5      | Found a sacrificial altar of Ru.
  6990 | D:6      | Found a glowing silver altar of Zin.
  7319 | D:6      | Found Idocakhlo's Book Boutique.
  7415 | D:6      | Found Zaynor's Armour Boutique.
  7446 | D:6      | Reached skill level 1 in Evocations
  7511 | D:6      | Found a shadowy altar of Dithmenos.
  7559 | D:6      | Found a deep blue altar of Sif Muna.
  7669 | D:6      | Found Uckanil's Magic Scroll Shop.
  7804 | D:6      | Found a radiant altar of Vehumet.
  7813 | D:6      | Learned a level 5 spell: Lee's Rapid Deconstruction
  8080 | D:6      | Found a glowing golden altar of the Shining One.
  8117 | D:6      | Reached XP level 9. HP: 70/70 MP: 18/21
  8539 | D:6      | Reached skill level 9 in Spellcasting
  9162 | D:7      | Found a staircase to the Ecumenical Temple.
  9168 | Temple   | Entered the Ecumenical Temple
  9277 | Temple   | Became a worshipper of Sif Muna the Loreminder
  9549 | D:8      | Found Wuho's Magic Scroll Boutique.
  9586 | D:8      | Found Wiasybit's Jewellery Emporium.
  9618 | D:8      | Noticed Erica
  9636 | D:8      | Killed Erica
  9697 | D:8      | Found Gyudey's Jewellery Boutique.
  9715 | D:8      | Noticed Pikel
  9777 | D:8      | Killed Pikel
  9777 | D:8      | Reached * piety under Sif Muna
  9820 | D:8      | Reached skill level 10 in Spellcasting
  9825 | D:8      | Reached XP level 10. HP: 76/80 MP: 16/24
  9930 | D:8      | Reached skill level 5 in Fighting
  9954 | D:8      | Found Kiemu's General Store.
  9977 | D:8      | Found a basalt altar of Yredelemnul.
 10057 | D:8      | Bought a potion of curing for 39 gold pieces
 10123 | D:8      | Found an ancient bone altar of Kikubaaqudgha.
 10650 | D:9      | Reached skill level 5 in Dodging
 10975 | D:10     | Entered Level 10 of the Dungeon
 11011 | D:10     | Reached skill level 5 in Conjurations
 11026 | D:10     | Noticed a gargoyle
 11059 | D:10     | Found Hariykk's General Store.
 11068 | D:10     | Found Bekhlemig's Gadget Shop.
 11075 | D:10     | Found Kawk's General Store.
 11226 | D:10     | Found Xipn's Antique Armour Boutique.
 11443 | D:10     | Slain by an orc warrior

Vault maps used:
D:1:      mrwooster_arrival_statue_2, st_stairs_14, minivault_5
D:2:      lemuel_coloured_pillars_altar, overflow_temple_1_default,
          lemuel_doored_altar
D:3:      first_bread, elyvilon_altar_4
D:4:      enter_ossuary_5
D:5:      lemuel_crystal_altar, serial_shops, nicolae_shop_trees
D:6:      kennysheep_orc_sif_temple, zin_academy, vehumet_statue,
          kennysheep_little_box, serial_shops, shop, shop, shop_coins,
          serial_corexii_hall, corexii_hall_statues_t, corexii_hall_statues_s,
          nicolae_tso_carved_into_rock
D:7:      minmay_temple_entry_enclosed_plants
D:8:      lemuel_zombie_altar_kikubaaqudgha,
          yredelemnul_forgotten_temple_becter, serial_shops,
          nicolae_shop_temple_entry_statues_fountains, nicolae_shop_statue_plus,
          nicolae_shop_crystal, nicolae_shop_behind_doors, uniq_erica,
          uniq_pikel
D:10:     serial_shops, nicolae_shop_waterfront, shop, nicolae_shop_statue_plus,
          shop_fountains, kennysheep_mini
Temple:   roderic_octagonal_lattice_temple
Ossuary:  ossuary_tomb_2

Skill      XL: |  1  2  3  4  5  6  7  8  9 10 |
---------------+-------------------------------+-----
Spellcasting   | 3 4 5 7 8 10 | 10.8
Earth Magic    | 4 5 6 7 |  7.0
Dodging        | 2 3 4 5 |  5.0
Conjurations   | 2 3 4 5 |  5.0
Fighting       | 2 3 4 5 |  5.5
Stealth        | 2 3 4 |  4.8
Evocations     | 2 4 |  4.2
Transmutations | |  1.0

Action                   |  1- 3 |  4- 6 |  7- 9 | 10-12 || total
-------------------------+-------+-------+-------+-------++-------
Melee: Club              |     3 |       |       |       ||     3
       Short sword       |    76 |    74 |       |       ||   150
       Tailslap          |     6 |    24 |    19 |     3 ||    52
       Whip              |     5 |       |       |       ||     5
       Spear             |       |   114 |   219 |    17 ||   350
       Mace              |       |       |     7 |     6 ||    13
       Scimitar          |       |       |       |    15 ||    15
 Fire: Shortbow          |       |       |    41 |    13 ||    54
Throw: Tomahawk          |       |       |       |     4 ||     4
 Cast: Sandblast         |    29 |    68 |   206 |    85 ||   388
       Stone Arrow       |       |       |       |    14 ||    14
  Use: Scroll            |       |     5 |     2 |     1 ||     8
 Stab: Sleeping          |     1 |     1 |       |       ||     2
  Eat: Chunk             |     7 |     6 |    12 |     2 ||    27
       Royal jelly       |       |     1 |       |       ||     1
       Beef jerky        |       |       |     1 |       ||     1
       Bread ration      |       |       |       |     1 ||     1
Armor: Skin              |    31 |    75 |   133 |    26 ||   265
Dodge: Dodged            |    75 |   121 |   245 |    79 ||   520
